 Dungeon Crawl Stone Soup version 0.29.1-15-g9cfb28693d (webtiles) character file.

Game seed: 15358816842815508696

305 hawla the Magician (level 6, -1/35 HPs)
             Began as a Deep Elf Fire Elementalist on Apr 11, 2023.
             Succumbed to Crazy Yiuf's poison
             ... on level 3 of the Dungeon.
             The game lasted 00:06:35 (4081 turns).

hawla the Magician (Deep Elf Fire Elementalist)     Turns: 4081, Time: 00:06:36

Health: -1/35      AC:  5    Str:  5    XL:     6   Next: 15%
Magic:  7/15       EV: 13    Int: 22    God:
Gold:   166        SH:  0    Dex: 15    Spells: 7/14 levels left

rFire   . . .      SeeInvis .   g - +0 dagger (venom)
rCold   . . .      Faith    .   (no shield)
rNeg    . . .      Spirit   .   a - +1 robe
rPois   .          Reflect  .   k - +1 helmet
rElec   +          Harm     .   (no cloak)
rCorr   .          Rampage  .   (no gloves)
Will    +....                   (no boots)
Stlth   ++........              (no amulet)
HPRegen 0.11/turn               (no ring)
MPRegen 0.14/turn               (no ring)

@: lethally poisoned (-1 -> -12)
A: strong-willed 1, robust 1, electricity resistance
a: no special abilities


You were on level 3 of the Dungeon.
You visited 1 branch of the dungeon, and saw 3 of its levels.

You collected 166 gold pieces.

Inventory:

Hand Weapons
 g - a +0 dagger of venom (weapon)
Armour
 a - a +1 robe (worn)
 k - a +1 helmet (worn)
Scrolls
 b - a scroll of fear {unknown}
 c - a scroll of magic mapping {unknown}
 d - 2 scrolls of teleportation
 h - a scroll of enchant armour
 m - a scroll of immolation {unknown}
 o - a scroll of torment {unknown}
 p - a scroll of identify
Potions
 e - 2 potions of lignification
 f - a potion of cancellation
 i - a potion of ambrosia
 j - a potion of invisibility
 l - a potion of haste {unknown}
 n - 2 potions of curing {unknown}


   Skills:
 + Level 0.2 Short Blades
 + Level 2.9 Dodging
 + Level 3.1 Stealth
 + Level 4.9 Spellcasting
 + Level 4.3 Conjurations
 + Level 4.6 Fire Magic


You had 7 spell levels left.
You knew the following spells:

 Your Spells              Type           Power      Damage    Failure   Level
a - Foxfire               Conj/Fire      100%       2x1d9     1%          1
b - Scorch                Fire           52%        2d8       2%          2
c - Flame Wave            Conj/Fire      25%        2d8       16%         4

Your spell library contained the following spells:

 Spells                   Type           Power      Damage    Failure   Level
 Conjure Flame            Conj/Fire      25%        6-21      4%          3
 Inner Flame              Hex/Fire       15%        N/A       12%         3


Dungeon Overview and Level Annotations

Branches:
Dungeon (3/15)

Altars:


Innate Abilities, Weirdness & Mutations

You are strong-willed. (Will+)
You are robust. (+10% HP)
You are resistant to electric shocks. (rElec)


Message History

Partly explored, can't reach some places.
Partly explored, can't reach some places.
Partly explored, can't reach some places.
Partly explored, can't reach some places.
No target in view!
You hit the fungus.
The fungus begins to die.
You punch the fungus, but do no damage.
The fungus is lightly damaged.
You start waiting.
A nearby fungus withers and dies.
Found a hammer.
Found a runed translucent door.
Crazy Yiuf shouts!
You open the door.
Casting: Flame Wave (quite dangerous; 16% risk of failure)
Confirm with . or Enter, or press ? or * to list all spells.
Flames lash Crazy Yiuf.
Crazy Yiuf is heavily wounded.
Crazy Yiuf's fire resistance burns away.
Crazy Yiuf hits you with a +2 quarterstaff of chaos!
Casting: Scorch (safe; 2% risk of failure)
Confirm with . or Enter, or press ? or * to list all spells.
The spell is quite dangerous to miscast (16% risk of failure)!
Continue anyway?
Casting: Flame Wave (quite dangerous; 16% risk of failure)
Press: ? - help, Dir - look around, f - activate You miscast Flame Wave.
You are very lightly contaminated with residual magic.
You feel uncomfortably hot!
Crazy Yiuf grits, "Cards!"
Crazy Yiuf hits you with a +2 quarterstaff of chaos!
* * * LOW HITPOINT WARNING * * *
You are lethally poisoned!
Casting: Flame Wave (quite dangerous; 16% risk of failure)
Confirm with . or Enter, or press ? or * to list all spells.
Flames lash Crazy Yiuf.
Crazy Yiuf is burned terribly!
You kill Crazy Yiuf!
* * * LOW HITPOINT WARNING * * *
You feel very sick.
Unknown command.
It was a potion of cancellation.
You feel magically purged.
Your magical contamination has completely faded away.
You die...

##..# #.# #.# ....##
#.# #.# ##...# #.# #.#
##...# ### #.# .....#
###.# #'..## #...#
.#..# ####♣♣ ###
##########
.#..###...P♣♣ ♣♣#..)#
#......
.#..........♣♣♣♣@)...#
#.#####
.#.##.#...PP.♣..♣#...#
#.# .#.##.##..♣.♣.♣♣♣
### ####.#
.#.##.####♣♣♣♣♣
#.##.#### .#.##...#
#.......# .#.##.#.#
######## ##.##.##.##
#'.#....# #...#..#
#.###.##... ........#
#.(....####.# #.#####
#.......#
#.#.#.......# #.#


There were no monsters in sight!

Vanquished Creatures
  An ice beast (D:3)
  Crazy Yiuf (D:3)
  An orc priest (D:3)
  Jessica (D:3)
  5 adders
  5 orcs (D:3)
  10 ball pythons
  7 bats
  12 endoplasms
  3 giant cockroaches
  6 goblins
  5 hobgoblins
  6 jackals
  2 kobolds
  3 quokkas
  6 frilled lizards
  4 rats
78 creatures vanquished.

Vanquished Creatures (collateral kills)
  3 foxfires (D:1)
3 creatures vanquished.

Vanquished Creatures (others)
  94 foxfires
  3 fungi
  2 plants (D:1)
99 creatures vanquished.

Grand Total: 180 creatures vanquished

Notes
Turn   | Place    | Note
-------+----------+-------------------------------------------
     0 | D:1      | hawla the Deep Elf Fire Elementalist began the quest for
                  | the Orb.
     0 | D:1      | Reached XP level 1. HP: 10/10 MP: 6/6
   526 | D:1      | Found a faded altar of an unknown god.
   578 | D:1      | Reached XP level 2. HP: 15/15 MP: 2/8
   947 | D:1      | Gained mutation: You sometimes lose your temper in combat.
                  | [potion of mutation]
   947 | D:1      | Gained mutation: You are somewhat resistant to further
                  | mutation. [potion of mutation]
  1282 | D:1      | Learned a level 2 spell: Scorch
  1305 | D:1      | Reached XP level 3. HP: 19/19 MP: 6/10
  2303 | D:2      | Reached XP level 4. HP: 24/24 MP: 12/12
  2316 | D:2      | Lost mutation: You sometimes lose your temper in combat.
                  | [potion of mutation]
  2316 | D:2      | Lost mutation: You are somewhat resistant to further
                  | mutation. [potion of mutation]
  2316 | D:2      | Gained mutation: You are robust. (+10% HP) [potion of
                  | mutation]
  2316 | D:2      | Gained mutation: You are strong-willed. (Will+) [potion of
                  | mutation]
  2316 | D:2      | Gained mutation: You are resistant to electric shocks.
                  | (rElec) [potion of mutation]
  2875 | D:2      | Learned a level 4 spell: Flame Wave
  3408 | D:3      | Noticed an ice beast
  3415 | D:3      | Killed an ice beast
  3416 | D:3      | Reached XP level 5. HP: 17/30 MP: 5/14
  3568 | D:3      | Noticed Jessica
  3573 | D:3      | Killed Jessica
  3643 | D:3      | Reached XP level 6. HP: 31/35 MP: 15/15
  4073 | D:3      | Found a runed translucent door.
  4074 | D:3      | Noticed Crazy Yiuf
  4080 | D:3      | Killed Crazy Yiuf
  4081 | D:3      | Succumbed to Crazy Yiuf's poison

Illustrated notes

Levels and vault maps discovered:
D:1:      sevenhm_arrival_forest_fort_small_5, layout_basic,
          shapermc_ecumenical_altar_mp_ritualfount, minmay_pentomino_w4
D:2:      layout_loops_ring
D:3:      layout_loops_ring, minivault_11, nrook_campfire, uniq_jessica,
          uniq_crazy_yiuf_cottage

Skill      XL: |  1  2  3  4  5 |
---------------+----------------+-----
Fire Magic     | 4 |  4.6
Spellcasting   | 4 |  4.9
Conjurations   | 4 |  4.3
Stealth        | 3 |  3.1
Short Blades   | |  0.2
Dodging        | |  2.9

Action                   |  1- 3 |  4- 6 || total
-------------------------+-------+-------++-------
Melee: Unarmed           |    10 |       ||    10
       Dagger            |     4 |    62 ||    66
       Punch             |       |     1 ||     1
 Cast: Foxfire           |    53 |     3 ||    56
       Scorch            |    10 |     6 ||    16
       Flame Wave        |       |     3 ||     3
  Use: Potion            |     4 |     2 ||     6
       Scroll            |       |     8 ||     8
 Stab: Sleeping          |       |     6 ||     6
Armor: Robe              |    12 |    15 ||    27
Dodge: Dodged            |    31 |    40 ||    71
